 Dungeon Crawl Stone Soup version 0.20.0-8-g6b59dc7 (webtiles) character file.

10956 GameOver the Covert (level 11, 0/81 HPs)
             Began as a Naga Wizard on May 31, 2017.
             Was the Champion of Cheibriados.
             Impaled on a porcupine's spines (12 damage)
             ... on level 1 of the Lair of Beasts.
             The game lasted 01:18:20 (9553 turns).

GameOver the Covert (Naga Wizard)                   Turns: 9553, Time: 01:18:20

Health: 0/81       AC: 15    Str: 24    XL:     11   Next: 70%
Magic:  10/17      EV: 10    Int: 36    God:    Cheibriados [******]
Gold:   940        SH:  0    Dex: 26    Spells: 5/16 levels left

rFire    + + .     SeeInvis +   w - +2 whip (elec)
rCold    + + .     Gourm    .   (no shield)
rNeg     . . .     Faith    .   g - +2 leather armour {MR+}
rPois    +         Spirit   .   b - +0 hat
rElec    .         Reflect  .   E - scarf {rC+ rF+}
rCorr    .         Harm     .   i - +0 pair of gloves
MR       ++...                  h - +2 naga barding {rC+}
Stlth    ++++++....             T - amulet of inaccuracy (curse)
Regen    0.3/turn               R - ring of protection from fire
MPRegen  0.2/turn               (no ring)

@: short of breath, very slow
A: see invisible, deformed body, poison resistance, slowness 2, slow metabolism
1, spit poison 1, AC +3
a: Spit Poison, Bend Time, Temporal Distortion, Slouch, Step From Time, Renounce
Religion


You were on level 1 of the Lair of Beasts.
You worshipped Cheibriados.
Cheibriados was exalted by your worship.
You were full.

You visited 3 branches of the dungeon, and saw 12 of its levels.
You also visited: Bailey.

You collected 940 gold pieces.

Inventory:

Hand Weapons
 e - a +4 dagger of electrocution
 q - a +0 shortbow
 u - a +0 morningstar
 w - a +2 whip of electrocution (weapon)
 S - the +1 quarterstaff of Welfare {drain, rN++}
   (You found it on level 8 of the Dungeon)

   A truly terrible weapon, it drains the life of those it strikes.
   It greatly protects you from negative energy.
Missiles
 m - 103 bolts
 o - 40 tomahawks of returning (quivered)
 p - 180 arrows
Armour
 b - a +0 hat (worn)
 g - a +2 leather armour of magic resistance (worn)
 h - a +2 naga barding of cold resistance (worn)
 i - a +0 pair of gloves (worn)
 z - a +1 cloak
 E - a scarf of resistance (worn)
 H - a +0 buckler
 I - a +1 ring mail of positive energy
Jewellery
 O - an uncursed amulet of the gourmand
 R - a ring of protection from fire (left hand)
 T - a cursed amulet of inaccuracy (around neck)
Wands
 a - a wand of lightning (15/15)
 c - a wand of enslavement (7/24)
 F - a wand of iceblast (9/15)
 Q - a wand of digging (8/24)
Scrolls
 k - 6 scrolls of teleportation
 r - a scroll of enchant armour {unknown}
 y - 5 scrolls of blinking {unknown}
 C - 2 scrolls of recharging
 G - a scroll of noise {unknown}
 K - a scroll of fear
 L - a scroll of torment {unknown}
Potions
 f - a potion of flight
 j - 2 potions of curing
 l - 3 potions of heal wounds
 s - a potion of resistance
 v - 3 potions of invisibility
 B - 2 potions of ambrosia {unknown}
 D - 2 potions of mutation
 J - 3 potions of berserk rage {unknown}
 M - a potion of cancellation {unknown}
 P - a potion of brilliance
Books
 A - a book of Geomancy

   Spells                             Type                      Level
   a - Sandblast                      Earth                        1
   b - Passwall                       Transmutation/Earth          2
   c - Stone Arrow                    Conjuration/Earth            3
   d - Petrify                        Transmutation/Earth          4
   e - Lee's Rapid Deconstruction     Earth                        5
 U - a book of Beasts

   Spells                             Type                      Level
   a - Summon Butterflies             Summoning                    1
   b - Call Canine Familiar           Summoning                    3
   c - Summon Ice Beast               Ice/Summoning                4
   d - Summon Mana Viper              Hexes/Summoning              5
   e - Summon Hydra                   Summoning                    7
Miscellaneous
 N - a lamp of fire
Comestibles
 d - 11 bread rations
 n - 5 meat rations
 t - 4 royal jellies
 x - 9 fruits


   Skills:
 - Level 6.0 Maces & Flails
 - Level 5.0 Armour
 - Level 3.0 Dodging
 - Level 12.4 Stealth
 - Level 3.0 Spellcasting
 - Level 6.0 Conjurations
 * Level 7.4 Summonings
 - Level 1.0 Translocations
 - Level 4.0 Air Magic
 - Level 5.0 Poison Magic
 + Level 8.3 Invocations


You had 5 spell levels left.
You knew the following spells:

 Your Spells              Type           Power        Failure   Level  Hunger
a - Magic Dart            Conj           ####         1%          1    None
b - Blink                 Tloc           N/A          5%          2    None
q - Call Imp              Summ           ######..     1%          2    None
s - Mephitic Cloud        Conj/Pois/Air  #####...     1%          3    ##.....
w - Call Canine Familiar  Summ           ######..     1%          3    ##.....


Dungeon Overview and Level Annotations

Branches:
Dungeon (10/15)            Temple (1/1) D:5            Lair (1/6) D:8
    Orc: D:9-12

Altars:
Ashenzari
Cheibriados
Dithmenos
Elyvilon
Fedhas
Gozag
Hepliaklqana
Kikubaaqudgha
Makhleb
Nemelex Xobeh
Okawaru
Qazlal
Ru
Sif Muna
Trog
Uskayaw
Vehumet
Xom
Yredelemnul
Zin
The Shining One


Innate Abilities, Weirdness & Mutations

You cannot wear boots.
Your serpentine skin is tough. (AC +3)
You have supernaturally acute eyesight. (SInv)
Armour fits poorly on your strangely shaped body.
Your system is resistant to poisons. (rPois)
You cover ground very slowly.
You have a slow metabolism.
You can spit poison.


Message History

Aim: a porcupine The splash of poison hits the porcupine.
The porcupine is poisoned.
The porcupine is heavily wounded.
You feel slightly less full.
Your wolf barely misses the porcupine.
Your wolf is struck by the porcupine's spines.
Your wolf bites the porcupine.
Wield which item (- for none, * to show all)? (? for menu, Esc to quit)
You hear the crackle of electricity.
w - a +2 whip of electrocution (weapon)
The porcupine bites you!
* * * LOW HITPOINT WARNING * * *
Your wolf bites the porcupine but does no damage.
You miss the porcupine.
The porcupine is severely wounded.
Your wolf is struck by the porcupine's spines.
Your wolf barely misses the porcupine.
The porcupine bites you.
* * * LOW HITPOINT WARNING * * *
You are struck by the porcupine's spines.
You die...

#########
#####.#...#.##########
......................
...(..................
...(..........@†.....(...
.../........hr†..........
.P#..#...........(.......
......#.......(.........#
(#...........(#.P.##.(..#
#.(..#(.....#..........#
..#+##.......#..........#
. ...........#.........<#
....(.............#...##


You could see a porcupine and a friendly wolf.

Vanquished Creatures
  The ghost of Exporg the Spear-Bearer, a journeyman MiFi (Bailey)
  3 orc knights (Bailey)
  Pikel (D:4)
  A spiny frog (Lair:1)
  A komodo dragon (Lair:1)
  Prince Ribbit (D:5)
  2 blink frogs (Lair:1)
  5 hippogriffs
  Sigmund (D:6)
  A spriggan (D:7)
  2 wyverns
  Menkaure (D:6)
  A hungry ghost (D:7)
  A water moccasin (Lair:1)
  Duvessa (D:5)
  7 ice beasts
  4 orc warriors
  A slave (D:4)
  A black bear (D:8)
  A sky beast (D:7)
  An eye of draining (D:9)
  A hornet zombie (D:9)
  2 ogres
  A phantom (D:5)
  3 wolves (Lair:1)
  A necrophage (D:8)
  6 centaurs
  Blork the orc (D:4)
  7 bullfrogs
  Dowan (D:5)
  A gnoll sergeant (D:9)
  2 scorpions
  5 killer bees (D:7)
  2 howler monkeys
  5 crimson imps
  3 jellies
  A quasit (D:8)
  3 hounds
  Crazy Yiuf (D:2)
  3 bullfrog skeletons
  4 orc priests
  15 orc wizards
  3 iguanas
  Ijyb (D:5)
  A gnoll shaman (D:7)
  11 worker ants
  A hound zombie (D:7)
  10 gnolls
  11 adders
  8 river rats (D:6)
  3 shadow imps
  4 worms
  3 dart slugs
  A leopard gecko (D:5)
  31 orcs
  5 giant cockroaches
  16 goblins
  10 hobgoblins
  10 jackals
  20 kobolds
  10 quokkas
  6 bats
  2 frilled lizards (D:2)
  A leopard gecko skeleton (D:5)
  25 rats
299 creatures vanquished.

Vanquished Creatures (collateral kills)
  A komodo dragon (Lair:1)
  A blink frog (Lair:1)
  A crocodile (Lair:1)
3 creatures vanquished.

Vanquished Creatures (others)
  A worker ant (D:5)
1 creature vanquished.

Grand Total: 303 creatures vanquished

Notes
Turn   | Place    | Note
-------+----------+-------------------------------------------
     0 | D:1      | GameOver the Naga Wizard began the quest for the Orb.
     0 | D:1      | Reached XP level 1. HP: 15/15 MP: 4/4
   189 | D:1      | Reached XP level 2. HP: 22/22 MP: 6/6
   195 | D:1      | Learned a level 2 spell: Blink
   198 | D:1      | Learned a level 2 spell: Call Imp
   696 | D:2      | Found a runed door.
   755 | D:2      | Reached skill level 4 in Stealth
   755 | D:2      | Reached XP level 3. HP: 24/28 MP: 2/7
  1305 | D:2      | Reached XP level 4. HP: 36/36 MP: 6/8
  1523 | D:2      | Learned a level 3 spell: Mephitic Cloud
  1523 | D:2      | Noticed Crazy Yiuf
  1554 | D:2      | Killed Crazy Yiuf
  1554 | D:2      | Reached skill level 5 in Stealth
  1554 | D:2      | Reached skill level 1 in Poison Magic
  1732 | D:3      | Reached skill level 1 in Air Magic
  1736 | D:3      | Reached XP level 5. HP: 42/42 MP: 6/9
  2281 | D:4      | Noticed Blork the orc
  2298 | D:4      | Killed Blork the orc
  2327 | D:4      | Reached XP level 6. HP: 49/49 MP: 4/10
  2379 | D:4      | Reached skill level 6 in Stealth
  2776 | D:4      | Noticed a slave
  2829 | D:4      | Noticed a slave
  2830 | D:4      | Noticed Pikel
  2831 | D:4      | Noticed a slave
  2858 | D:4      | Killed a slave
  3097 | D:4      | Noticed a slave
  3109 | D:4      | Killed Pikel
  3109 | D:4      | Reached skill level 7 in Stealth
  3109 | D:4      | Reached XP level 7. HP: 32/55 MP: 1/11
  3336 | D:5      | Entered Level 5 of the Dungeon
  3343 | D:5      | Reached XP level 8. HP: 51/62 MP: 12/12
  3378 | D:5      | Reached skill level 5 in Poison Magic
  3399 | D:5      | Reached skill level 8 in Stealth
  3542 | D:5      | Noticed Prince Ribbit
  3550 | D:5      | Noticed Duvessa
  3563 | D:5      | Noticed Dowan
  3568 | D:5      | Killed Duvessa
  3568 | D:5      | Reached skill level 5 in Conjurations
  3578 | D:5      | Killed Dowan
  3578 | D:5      | Reached skill level 1 in Maces & Flails
  3614 | D:5      | Killed Prince Ribbit
  3614 | D:5      | Reached skill level 1 in Armour
  3812 | D:5      | Found a staircase to the Ecumenical Temple.
  3829 | Temple   | Entered the Ecumenical Temple
  3886 | Temple   | Became a worshipper of Cheibriados the Contemplative
  4035 | D:5      | Noticed Ijyb
  4046 | D:5      | Killed Ijyb
  4210 | D:5      | Reached skill level 9 in Stealth
  4210 | D:5      | Reached skill level 1 in Invocations
  4315 | D:5      | Found a burning altar of Makhleb.
  4639 | D:6      | Noticed Sigmund
  4648 | D:6      | Killed Sigmund
  4648 | D:6      | Reached XP level 9. HP: 68/68 MP: 7/13
  4868 | D:6      | Noticed Menkaure
  5028 | D:6      | Reached * piety under Cheibriados
  5316 | D:6      | Killed Menkaure
  5436 | D:6      | Reached skill level 10 in Stealth
  5449 | D:6      | Reached ** piety under Cheibriados
  5847 | D:7      | Reached *** piety under Cheibriados
  6118 | D:7      | Reached XP level 10. HP: 60/75 MP: 14/14
  6204 | D:7      | Reached skill level 11 in Stealth
  6232 | D:7      | Reached skill level 5 in Invocations
  6330 | D:7      | Reached skill level 5 in Maces & Flails
  6453 | D:7      | Reached **** piety under Cheibriados
  7141 | D:8      | Found a staircase to the Lair.
  7182 | D:8      | Learned a level 3 spell: Call Canine Familiar
  7348 | D:8      | Reached ***** piety under Cheibriados
  7405 | D:8      | Got a smoking quarterstaff
  7406 | D:8      | Identified the cursed +1 quarterstaff of Welfare {drain, rN++} (You found it on level 8 of the Dungeon)
  7515 | D:9      | Reached skill level 12 in Stealth
  7754 | D:9      | Reached skill level 5 in Armour
  7810 | D:9      | Reached XP level 11. HP: 40/80 MP: 7/15
  7833 | D:9      | Found a flagged portal.
  7873 | Bailey   | Entered a bailey
  7873 | Bailey   | Noticed Exporg's ghost (journeyman MiFi)
  8072 | Bailey   | Killed Exporg's ghost
  8075 | Bailey   | Noticed an orc knight
  8138 | Bailey   | Noticed an orc knight
  8191 | Bailey   | Killed an orc knight
  8295 | Bailey   | Noticed an orc knight
  8300 | Bailey   | Killed an orc knight
  8300 | Bailey   | Reached skill level 5 in Summonings
  8302 | Bailey   | Killed an orc knight
  8648 | D:9      | Identified a scroll of acquirement
  9115 | D:10     | Entered Level 10 of the Dungeon
  9118 | D:10     | Noticed a two-headed ogre
  9118 | D:10     | Noticed a two-headed ogre
  9166 | D:10     | Noticed an unseen horror
  9304 | Lair:1   | Entered Level 1 of the Lair of Beasts
  9359 | Lair:1   | Reached ****** piety under Cheibriados
  9553 | Lair:1   | Impaled on a porcupine's spines

Skill      XL: |  1  2  3  4  5  6  7  8  9 10 11 |
---------------+----------------------------------+-----
Stealth        | 4 5 7 9 10 12 | 12.4
Conjurations   | 2 3 4 5 6 |  6.0
Poison Magic   | 1 2 4 5 |  5.0
Air Magic      | 1 2 3 4 |  4.0
Maces & Flails | 2 4 6 |  6.0
Armour         | 2 3 5 |  5.0
Dodging        | 2 3 |  3.0
Invocations    | 2 4 6 8 |  8.3
Summonings     | 3 7 |  7.4
Spellcasting   | |  3.0
Translocations | |  1.0

Action                   |  1- 3 |  4- 6 |  7- 9 | 10-12 || total
-------------------------+-------+-------+-------+-------++-------
Melee: Spear             |     7 |    13 |       |       ||    20
       Quarterstaff      |       |    60 |       |       ||    60
       Whip              |       |       |   175 |   325 ||   500
       Rapier            |       |       |     1 |       ||     1
       Dagger            |       |       |     1 |    46 ||    47
 Fire: Shortbow          |       |       |   104 |   245 ||   349
Throw: Tomahawk          |       |     4 |       |       ||     4
 Cast: Magic Dart        |    22 |    37 |    29 |     3 ||    91
       Mephitic Cloud    |       |    10 |    16 |    30 ||    56
       Call Canine Famil |       |       |       |     8 ||     8
       Call Imp          |       |       |       |     3 ||     3
Invok: Bend Time         |       |       |       |     9 ||     9
 Abil: Spit Poison       |    24 |    46 |    46 |    61 ||   177
  Use: Scroll            |       |    10 |     2 |     8 ||    20
       Potion            |       |       |       |     8 ||     8
 Stab: Confused          |       |     3 |     6 |    15 ||    24
       Sleeping          |       |     4 |     2 |     5 ||    11
       Paralysed         |       |     1 |       |       ||     1
       Invisible         |       |       |       |     8 ||     8
       Distracted        |       |       |       |     1 ||     1
  Eat: Chunk             |     2 |     8 |    12 |    26 ||    48
Armor: Robe              |     1 |     1 |       |       ||     2
       Leather armour    |       |    15 |    46 |   176 ||   237
Dodge: Dodged            |     5 |    17 |    95 |   209 ||   326
